 Dungeon Crawl Stone Soup version 0.25-a0-160-gd1d2e81aba (webtiles) character file.

Game seed: 3742230592080971941, levelgen mode: deterministic

103855 D1HalberdGnoll the Imperceptible (level 15, -18/99 HPs)
             Began as a Vampire Assassin on Nov 20, 2019.
             Was the Champion of Dithmenos.
             Killed from afar by Frances (29 damage)
             ... with a shard of ice
             ... on level 1 of the Spider Nest on Nov 21, 2019.
             The game lasted 01:17:33 (33134 turns).

D1HalberdGnoll the Imperceptible (VpAs)            Turns: 33134, Time: 01:17:33

Health: -18/99     AC: 18    Str: 14    XL:     15   Next: 90%
Magic:  20/20      EV: 40    Int: 19    God:    Dithmenos [******]
Gold:   2268       SH:  5    Dex: 17    Spells: 13/14 levels left

rFire    + + .     SeeInvis +   T - +4 dagger (elec)
rCold    + + .     Gourm    .   h - +0 buckler
rNeg     + + +     Faith    .   W - +6 ring mail of the Gloaming {rElec rF++ rC-}
rPois    ∞         Spirit   .   G - +1 hat "Nuerr" {rC+ Int+4}
rElec    +         Reflect  .   c - +0 cloak
rCorr    .         Harm     .   I - +0 pair of gloves
MR       +....                  k - +2 pair of boots
Stlth    ++++++++++             j - amulet of the acrobat
HPRegen  0.00/turn              n - +6 ring of evasion
MPRegen  0.17/turn              (no ring)

@: acrobat, bloodless, wreathed by umbra
A: no food, fangs 3, see invisible, unbreathing
a: Bat Form, Revivify, Shadow Step, Shadow Form, Renounce Religion


You were on level 1 of the Spider Nest.
You worshipped Dithmenos.
Dithmenos was exalted by your worship.
You were bloodless.

You visited 5 branches of the dungeon, and saw 25 of its levels.
You also visited: Ossuary and Bailey.

You collected 2348 gold pieces.
You spent 80 gold pieces at shops.

Inventory:

Hand Weapons
 s - a +3 vampiric dagger
 T - a +4 dagger of electrocution (weapon)
 Y - a +2 long sword of freezing
Missiles
 d - 26 poisoned darts (quivered)
 e - 25 curare-tipped darts
 E - 3 atropa-tipped darts
 H - 4 throwing nets
Armour
 c - a +0 cloak (worn)
 h - a +0 buckler (worn)
 k - a +2 pair of boots (worn)
 G - the +1 hat "Nuerr" (worn) {rC+ Int+4}
   (You found it on level 1 of the Orcish Mines)

   It affects your intelligence (+4).
   It protects you from cold.
 I - a +0 pair of gloves (worn)
 U - a +3 troll leather armour {Snorg}
 W - the +6 ring mail of the Gloaming (worn) {rElec rF++ rC-}
   (You found it on level 5 of the Lair of Beasts)

   It greatly protects you from fire.
   It makes you vulnerable to cold.
   It insulates you from electricity.
Jewellery
 j - an amulet of the acrobat (around neck)
 n - a +6 ring of evasion (left hand)
 y - an uncursed ring of positive energy
 M - an uncursed ring of resist corrosion
 S - an uncursed ring of protection from fire
 V - a +2 ring of slaying
Wands
 a - a wand of flame (81)
 u - a wand of polymorph (32)
 C - a wand of digging (7)
 O - a wand of scattershot (1)
 R - a wand of paralysis (12)
 X - a wand of iceblast (4)
Scrolls
 f - a scroll of enchant armour
 m - 3 scrolls of fog
 o - 2 scrolls of teleportation
 p - 12 scrolls of remove curse
 z - 4 scrolls of enchant weapon
 D - 6 scrolls of amnesia
 J - 8 scrolls of magic mapping
Potions
 b - 5 potions of mutation
 g - a potion of ambrosia {unknown}
 i - 2 potions of agility {unknown}
 q - 3 potions of might
 r - a potion of berserk rage {unknown}
 t - 2 potions of resistance {unknown}
 v - a potion of lignification {unknown}
 w - 7 potions of brilliance
 x - 8 potions of curing
 A - 4 potions of cancellation {unknown}
 B - 3 potions of heal wounds
 F - a potion of invisibility {unknown}
 K - 2 potions of magic {unknown}
 L - 3 potions of haste
 N - 3 potions of flight
Miscellaneous
 l - a lamp of fire (inert)


   Skills:
 + Level 13.4 Fighting
 - Level 10.0(10.5) Short Blades
 + Level 5.0(7.7) Long Blades
 - Level 1.5 Throwing
 - Level 5.0 Armour
 + Level 13.1 Dodging
 + Level 21.7 Stealth
 - Level 4.2 Shields
 - Level 5.0 Charms
 + Level 7.6 Invocations


You had 13 spell levels left.
You knew the following spells:

 Your Spells              Type           Power        Failure   Level  Hunger
a - Infusion              Chrm           ###.         4%          1    N/A

Your spell library contained the following spells:

 Spells                   Type           Power        Failure   Level  Hunger
 Song of Slaying          Chrm           ###.....     8%          2    N/A
 Shroud of Golubria       Chrm/Tloc      #.....       22%         2    N/A
 Swiftness                Chrm/Air       #.......     22%         2    N/A
 Animate Skeleton         Necr           N/A          36%         1    N/A
 Apportation              Tloc           #.....       36%         1    N/A
 Beastly Appendage        Tmut           #.....       36%         1    N/A
 Flame Tongue             Conj/Fire      #....        36%         1    N/A
 Magic Dart               Conj           #...         36%         1    N/A
 Pain                     Necr           #...         36%         1    N/A
 Sandblast                Erth           #.....       36%         1    N/A
 Shock                    Conj/Air       #...         36%         1    N/A
 Summon Butterflies       Summ           #.......     36%         1    N/A
 Regeneration             Chrm/Necr      #.........   38%         3    N/A
 Spectral Weapon          Hex/Chrm       #.......     38%         3    N/A
 Blink                    Tloc           N/A          52%         2    N/A
 Call Imp                 Summ           #.......     52%         2    N/A
 Passwall                 Tmut/Erth      #.......     52%         2    N/A
 Searing Ray              Conj           #.....       52%         2    N/A
 Slow                     Hex            #.......     52%         2    N/A
 Sticks to Snakes         Tmut           #.......     52%         2    N/A
 Throw Flame              Conj/Fire      #.....       52%         2    N/A
 Call Canine Familiar     Summ           #.......     75%         3    N/A
 Conjure Flame            Conj/Fire      #.......     75%         3    N/A
 Dazzling Spray           Conj/Hex       #.....       75%         3    N/A
 Inner Flame              Hex/Fire       #.......     75%         3    N/A
 Lesser Beckoning         Tloc           #.........   75%         3    N/A
 Mephitic Cloud           Conj/Pois/Air  #.......     75%         3    N/A
 Recall                   Summ/Tloc      N/A          75%         3    N/A
 Spider Form              Tmut/Pois      #.........   75%         3    N/A
 Static Discharge         Conj/Air       #.......     75%         3    N/A
 Stone Arrow              Conj/Erth      #.....       75%         3    N/A
 Tukima's Dance           Hex            #.......     75%         3    N/A
 Vampiric Draining        Necr           #.........   75%         3    N/A
 Airstrike                Air            #.........   98%         4    N/A
 Animate Dead             Necr           N/A          98%         4    N/A
 Cause Fear               Hex            #.........   98%         4    N/A
 Force Lance              Conj/Tloc      #.......     98%         4    N/A
 Fulminant Prism          Conj/Hex       #.........   98%         4    N/A
 Ice Form                 Ice/Tmut       #.......     98%         4    N/A
 Iskenderun's Mystic Bla  Conj           #.......     98%         4    N/A
 Petrify                  Tmut/Erth      #.......     98%         4    N/A
 Sticky Flame             Conj/Fire      #.......     98%         4    N/A
 Summon Ice Beast         Ice/Summ       #.......     98%         4    N/A
 Summon Lightning Spire   Summ/Air       #.......     98%         4    N/A
 Iskenderun's Battlesphe  Conj/Chrm      #.......     98%         5    N/A
 Alistair's Intoxication  Tmut/Pois      #.......     100%        5    N/A
 Blade Hands              Tmut           #.........   100%        5    N/A
 Bolt of Magma            Conj/Fire/Erth #.........   100%        5    N/A
 Borgnjor's Vile Clutch   Necr/Erth      #.........   100%        5    N/A
 Fireball                 Conj/Fire      #.........   100%        5    N/A
 Lee's Rapid Deconstruct  Erth           #.........   100%        5    N/A
 Lightning Bolt           Conj/Air       #.........   100%        5    N/A
 Silence                  Hex/Air        #.........   100%        5    N/A
 Summon Mana Viper        Hex/Summ       #.......     100%        5    N/A
 Venom Bolt               Conj/Pois      #.........   100%        5    N/A
 Yara's Violent Unravell  Hex/Tmut       #.........   100%        5    N/A
 Conjure Ball Lightning   Conj/Air       #.........   100%        6    N/A
 Death Channel            Necr           #.........   100%        6    N/A
 Deflect Missiles         Chrm/Air       #.........   100%        6    N/A
 Invisibility             Hex            #.......     100%        6    N/A
 Iron Shot                Conj/Erth      #.........   100%        6    N/A
 Simulacrum               Ice/Necr       #.........   100%        6    N/A
 Orb of Destruction       Conj           #.........   100%        7    N/A
 Spellforged Servitor     Conj/Summ      #.........   100%        7    N/A
 Summon Hydra             Summ           #.........   100%        7    N/A
 Discord                  Hex            #.........   100%        8    N/A
 Tornado                  Air            #.........   100%        9    N/A

Dungeon Overview and Level Annotations

Branches:
Dungeon (15/15)            Temple (1/1) D:7            Lair (6/6) D:10
 Shoals (0/4) Lair:4       Spider (1/4) Lair:3        Slime (0/5) Lair:6
    Orc (2/2) D:12            Elf (0/3) Orc:2        Vaults (0/5) D:13
 Depths (0/5) D:15        Ossuary (visited)          Bailey (visited)

Altars:
Ashenzari
Cheibriados
Dithmenos
Elyvilon
Fedhas
Gozag
Hepliaklqana
Kikubaaqudgha
Makhleb
Nemelex Xobeh
Okawaru
Qazlal
Ru
Sif Muna
Trog
Uskayaw
Vehumet
Wu Jian
Xom
Yredelemnul
Zin
The Shining One
Jiyva

Shops:
D:5 %   D:12 *=   D:13 =   Orc:2 !(!}

Portals:
Pandemonium: Orc:2

Annotations:
D:2 1 runed translucent door, exclusion: downstairs, Crazy Yiuf
D:6 2 runed translucent doors, endorz's ghost, novice TrFi
D:10 exclusion: door
D:13 2 runed translucent doors, Jiusaowa's ghost, novice FoCK
D:15 3 runed translucent doors, Epselah's ghost, adept MiBe
Lair:2 2 transporters, Guimpusk's ghost, journeyman DgTm
Lair:5 exclusion: oklob plant
Spider:1 Frances


Innate Abilities, Weirdness & Mutations

You do not eat.
You do not regenerate when monsters are visible.
You are frail without blood (-20% HP).
You can heal yourself when you bite living creatures.
You are immune to poison.
You have razor-sharp teeth.
You have supernaturally acute eyesight. (SInv)
You can survive without breathing.


Message History

The emperor scorpion completely misses you.
The emperor scorpion claws you but does no damage.
Evoke which item? (* to show all) (? for menu, Esc to quit)
Okay, then.
A tarantella comes into view.
As you read the scroll of fear, it crumbles to dust.
You assume a fearsome visage.
The tarantella looks frightened!
The tarantella hisses angrily.
The emperor scorpion looks frightened!
You hear a hideous shriek!
A tarantella comes into view.
You hear an angry hiss. x2; The tarantella hisses angrily.
Frances, Duchess of Pandemonium comes into view.
She is wielding a +0 dire flail of crushing and wearing a +3 scale mail of poison resistance.
Frances whispers indecipherable words.
Frances seems to speed up.
The emperor scorpion seems to regain its courage.
You block the tarantella's attack.
Frances mutters in a terrible tongue.
The shard of ice hits you!! You partially resist.
You die...

s. ...# #.#...# .....#
.....## ###.@#..#
#(#.... ####...## #
#...s...# ..
#.@..#..### .>.
###^.###....###.. #..
##.. #...####.##.#.#
.##.#
#....##...#.###.#(.#
.#..
#.....###.......s###
...
#.#...^......#...#.#
#..
####...#.#.##....###..
#########..#...#...
.....#...##..


You could see Frances and a tarantella.

Vanquished Creatures
  Gastronok (D:8)
  An orc warlord (D:12)
  A stone giant (Orc:2)
  An ettin (Orc:2)
  Erolcha (D:9)
  Snorg (D:9)
  Harold (D:7)
  4 centaur warriors
  An anaconda (shapeshifter) (D:15)
  4 hydras
  A catoblepas (Lair:4)
  4 two-headed ogres
  8 orc high priests (Orc:2)
  2 tengu warriors (D:14)
  A sixfirhy (Orc:2)
  4 skeletal warriors (D:14)
  An infernal demonspawn (Orc:2)
  3 unseen horrors
  2 gelid demonspawn (Orc:2)
  Pikel (D:3)
  3 deep elf magi
  6 orc knights
  2 wolf spider zombies (D:15)
  2 wolf spiders
  5 orc sorcerers
  4 cyclopes
  16 ugly things
  6 centaur zombies
  2 manticores (Lair:4)
  6 elephants
  Maurice (D:13)
  A black mamba (shapeshifter) (D:15)
  An elephant (shapeshifter) (D:15)
  An orange demon (Orc:2)
  8 spiny frogs
  A black mamba (Lair:5)
  A gargoyle (D:15)
  5 yaktaurs (D:15)
  3 rime drakes
  6 komodo dragons
  A yaktaur (shapeshifter) (D:15)
  2 efreet (D:14)
  2 demonic crawlers (Spider:1)
  A tengu conjurer (D:14)
  2 ice devils (Orc:2)
  A jumping spider (Spider:1)
  12 polar bears (Lair:6)
  4 trolls
  Prince Ribbit (D:7)
  15 slime creatures
  13 hippogriffs
  A harpy skeleton (D:15)
  18 blink frogs
  A polar bear (shapeshifter) (D:15)
  2 raiju (Lair:6)
  2 dream sheep (D:11)
  7 wyverns
  A ynoxinul (Orc:2)
  A fire elemental (Lair:6)
  A yak (shapeshifter) (D:14)
  Sigmund (D:3)
  2 vampires
  4 redbacks
  45 yaks
  3 fire bats (Lair:1)
  3 wraiths
  A human (shapeshifter) (D:15)
  Grum (D:9)
  13 basilisks
  A steam dragon (D:11)
  2 vampire mosquitoes (D:14)
  An acid dragon (D:13)
  4 porcupines
  11 wargs
  13 hell hounds (Lair:6)
  12 water moccasins
  5 ice beasts
  A swamp drake (Orc:1)
  2 hornet zombies
  36 orc warriors
  2 sky beasts (D:12)
  14 black bears
  13 ogres
  2 slaves (D:3)
  7 phantoms
  17 wolves
  5 boggarts (D:15)
  5 necrophages
  10 centaurs
  4 crocodiles
  Blork the orc (Orc:1)
  5 big kobolds
  21 bullfrogs
  13 scorpions
  15 wights
  9 howler monkeys
  5 electric eels
  8 crimson imps
  2 bullfrog zombies
  2 quasits
  2 centaur skeletons
  5 bullfrog skeletons
  A human zombie (Ossuary)
  An iron imp (Orc:1)
  4 hounds
  3 jellies
  18 orc wizards
  28 orc priests
  Jessica (D:2)
  Ijyb (D:3)
  5 iguanas
  6 hell rats (Lair:5)
  12 worker ants
  A killer bee zombie (D:5)
  A big kobold zombie (Ossuary)
  3 hound skeletons
  5 mummies
  Robin (D:3)
  A worker ant zombie (D:10)
  12 adders
  A scorpion zombie (Ossuary)
  4 shadow imps
  An adder zombie (D:7)
  2 adder skeletons (D:4)
  4 worms
  4 dart slugs (D:1)
  4 leopard geckos
  92 orcs
  5 giant cockroaches
  23 goblins
  10 hobgoblins
  11 jackals
  28 kobolds
  8 quokkas
  12 bats
  9 frilled lizards
  A goblin zombie (Ossuary)
  A jackal zombie (D:6)
  A kobold zombie (Ossuary)
  3 orc zombies (Ossuary)
  3 quokka zombies
  6 rats
876 creatures vanquished.

Vanquished Creatures (collateral kills)
  A leopard gecko (D:9)
  An orc (Orc:2)
2 creatures vanquished.

Vanquished Creatures (others)
  A wolf spider zombie (D:14)
  A centaur skeleton (D:14)
  An orc warrior (Orc:2)
  An orc priest (D:8)
  A worker ant (D:6)
  An adder (D:7)
  A white imp (Orc:1)
  3 orcs
  A quokka (D:6)
  19 fungi
  24 plants
54 creatures vanquished.

Grand Total: 932 creatures vanquished

Notes
Turn   | Place    | Note
-------+----------+-------------------------------------------
     0 | D:1      | D1HalberdGnoll the Vampire Assassin began the quest for the
                  | Orb.
     0 | D:1      | Reached XP level 1. HP: 16/16 MP: 1/1
    70 | D:1      | Reached skill level 6 in Stealth
   141 | D:1      | Reached XP level 2. HP: 21/22 MP: 2/2
   552 | D:1      | Reached XP level 3. HP: 27/27 MP: 3/3
   773 | D:2      | Found an iron altar of Okawaru.
   773 | D:2      | Found a sacrificial altar of Ru.
   773 | D:2      | Found a basalt altar of Yredelemnul.
   775 | D:2      | Noticed a centaur
   793 | D:2      | Killed a centaur
   793 | D:2      | Reached skill level 7 in Stealth
   793 | D:2      | Reached XP level 4. HP: 22/34 MP: 4/4
   868 | D:2      | Reached XP level 5. HP: 39/39 MP: 5/5
  1148 | D:2      | Found a blossoming altar of Fedhas.
  1228 | D:2      | Noticed Jessica
  1243 | D:2      | Killed Jessica
  1243 | D:2      | Reached skill level 8 in Stealth
  1280 | D:2      | Found a runed translucent door.
  1281 | D:2      | Noticed Crazy Yiuf
  1361 | D:2      | Found a stormy altar of Qazlal.
  1524 | D:3      | Noticed Sigmund
  1584 | D:3      | Noticed Ijyb
  1618 | D:3      | Killed Ijyb
  1809 | D:2      | Reached XP level 6. HP: 47/47 MP: 6/6
  1861 | D:3      | Noticed Robin
  1993 | D:3      | Killed Robin
  2761 | D:4      | Noticed a slave
  2761 | D:4      | Noticed a slave
  2811 | D:3      | Killed Sigmund
  2811 | D:3      | Reached skill level 9 in Stealth
  2811 | D:3      | Reached skill level 1 in Shields
  2811 | D:3      | Reached XP level 7. HP: 50/52 MP: 7/7
  2963 | D:4      | Noticed Pikel
  2980 | D:3      | Killed Pikel
  2980 | D:3      | Reached skill level 10 in Stealth
  2980 | D:3      | Reached XP level 8. HP: 60/60 MP: 8/8
  3163 | D:4      | Reached skill level 5 in Short Blades
  3393 | D:4      | Reached skill level 11 in Stealth
  3617 | D:5      | Entered Level 5 of the Dungeon
  3844 | D:5      | Got a slimy chain mail
  3923 | D:5      | Found Syriutu's Food Emporium.
  4272 | D:6      | Found a shimmering altar of Xom.
  4319 | D:6      | Reached skill level 5 in Dodging
  4497 | D:6      | Identified the cursed +1 chain mail of Nionoell {rC++ Str-4
                  | Dex+4} (You found it on level 5 of the Dungeon)
  4604 | D:6      | Found a large runed translucent door.
  4607 | D:6      | Found a large runed translucent door.
  4608 | D:6      | Noticed endorz's ghost (novice TrFi)
  4623 | D:6      | Found an ancient bone altar of Kikubaaqudgha.
  4866 | D:6      | Reached XP level 9. HP: 67/67 MP: 9/9
  5020 | D:7      | Reached skill level 5 in Fighting
  5113 | D:7      | Noticed Harold
  5132 | D:7      | Killed Harold
  5132 | D:7      | Reached skill level 12 in Stealth
  5367 | D:7      | Found a staircase to the Ecumenical Temple.
  5376 | Temple   | Entered the Ecumenical Temple
  5455 | Temple   | Became a worshipper of Dithmenos the Shadowed
  5507 | D:7      | Learned a level 1 spell: Infusion
  6159 | D:7      | Noticed Prince Ribbit
  6161 | D:7      | Killed Prince Ribbit
  6172 | D:7      | Reached XP level 10. HP: 75/75 MP: 10/10
  6262 | D:8      | Noticed a two-headed ogre
  6409 | D:7      | Reached skill level 13 in Stealth
  6646 | D:7      | Killed a two-headed ogre
  6731 | D:8      | Found a radiant altar of Vehumet.
  6731 | D:8      | Found a shattered altar of Ashenzari.
  6832 | D:8      | Found a sand-covered staircase.
  6850 | Ossuary  | Entered an ossuary
  6944 | Ossuary  | Reached * piety under Dithmenos
  7299 | D:8      | Found an ornate altar of the Wu Jian Council.
  8006 | D:8      | Noticed Gastronok
  8056 | D:8      | Killed Gastronok
  8056 | D:8      | Reached skill level 14 in Stealth
  8056 | D:8      | Reached XP level 11. HP: 56/84 MP: 11/11
  8079 | D:8      | Got a brightly glowing scale mail
  8357 | D:9      | Reached ** piety under Dithmenos
  8457 | D:9      | Noticed a two-headed ogre
  8594 | D:9      | Noticed an unseen horror
  8664 | D:9      | Killed an unseen horror
  8750 | D:9      | Killed a two-headed ogre
  8866 | D:9      | Found a shimmering altar of Xom.
  8907 | D:9      | Noticed Erolcha
  8939 | D:9      | Killed Erolcha
  8959 | D:9      | Got a brightly glowing chain mail
  9046 | D:9      | Reached skill level 15 in Stealth
  9115 | D:9      | Got a crude robe
  9472 | D:9      | Noticed Grum
  9611 | D:9      | Killed Grum
  9911 | D:10     | Entered Level 10 of the Dungeon
 10098 | D:10     | Noticed Snorg
 10112 | D:10     | Noticed an unseen horror
 10115 | D:10     | Killed an unseen horror
 10115 | D:10     | Reached *** piety under Dithmenos
 10115 | D:10     | Reached skill level 10 in Short Blades
 10284 | D:10     | Reached skill level 10 in Dodging
 10584 | D:9      | Killed Snorg
 10584 | D:9      | Reached skill level 16 in Stealth
 10633 | D:10     | Found a staircase to the Lair.
 10896 | D:10     | Identified the cursed +1 robe of Responsibility {rC++ MR-
                  | Regen+ Str+4} (You found it on level 9 of the Dungeon)
 10931 | Lair:1   | Entered Level 1 of the Lair of Beasts
 11113 | Lair:1   | Noticed a six-headed hydra
 11128 | Lair:1   | Killed a six-headed hydra
 11128 | Lair:1   | Reached skill level 1 in Charms
 11128 | Lair:1   | Reached XP level 12. HP: 86/95 MP: 12/12
 11219 | Lair:1   | Found a dark tunnel.
 11222 | Lair:1   | Reached skill level 1 in Armour
 11529 | Lair:1   | Identified the +2 chain mail of Duty {*Drain Str+5 Int+4}
                  | (You found it on level 9 of the Dungeon)
 11539 | Lair:1   | Identified the cursed +1 scale mail of Wisdom {Int+4 Dex+4}
                  | (You found it on level 8 of the Dungeon)
 11851 | Lair:2   | Got a fine leather armour
 11852 | Lair:2   | Identified the +3 leather armour of the King of the Hill
                  | {Str+8 Dex-3} (You found it on level 2 of the Lair of
                  | Beasts)
 12109 | Lair:2   | Found a transporter.
 12113 | Lair:2   | Noticed Guimpusk's ghost (journeyman DgTm)
 12126 | Lair:2   | Found a transporter.
 12371 | Lair:3   | Reached **** piety under Dithmenos
 12649 | Lair:3   | Found a hole to the Spider Nest.
 12916 | Lair:3   | Upgraded the game from 0.25-a0-110-ge29c8f2358 to
                  | 0.25-a0-160-gd1d2e81aba
 13002 | Lair:4   | Reached skill level 17 in Stealth
 13107 | Lair:4   | Noticed a catoblepas
 13119 | Lair:4   | Killed a catoblepas
 13244 | Lair:4   | Reached skill level 10 in Fighting
 13256 | Lair:4   | Reached skill level 5 in Charms
 13640 | Lair:4   | Reached ***** piety under Dithmenos
 13661 | Lair:4   | Reached XP level 13. HP: 104/104 MP: 13/13
 13980 | Lair:4   | Found a staircase to the Shoals.
 14830 | Lair:5   | Got a translucent ring mail
 14932 | Lair:5   | Identified the +6 ring mail of the Gloaming {rElec rF++
                  | rC-} (You found it on level 5 of the Lair of Beasts)
 15003 | Lair:5   | Reached skill level 18 in Stealth
 15014 | Lair:5   | Reached skill level 5 in Armour
 15674 | Lair:5   | Found a blossoming altar of Fedhas.
 15869 | Lair:6   | Entered Level 6 of the Lair of Beasts
 16566 | Lair:6   | Found a viscous altar of Jiyva.
 16566 | Lair:6   | Found a staircase to the Slime Pits.
 16650 | Lair:6   | Reached skill level 19 in Stealth
 17027 | Lair:6   | Reached skill level 1 in Invocations
 18063 | Lair:6   | Reached ****** piety under Dithmenos
 18423 | Lair:6   | Reached XP level 14. HP: 105/114 MP: 16/16
 20586 | D:12     | Found a flagged portal.
 20614 | Bailey   | Entered a bailey
 20750 | Bailey   | Reached skill level 20 in Stealth
 21428 | D:12     | Found Zeuwox's Jewellery Boutique.
 21459 | D:12     | Noticed Sonja
 21460 | D:12     | Noticed Sonja
 21460 | D:12     | Sonja changed into Sonja the wyvern
 21505 | D:12     | Killed Sonja the wyvern
 22096 | D:12     | Found a staircase to the Orcish Mines.
 22164 | D:12     | Found Xieqesk's Assorted Antiques.
 22224 | D:13     | Noticed Maurice
 22232 | D:13     | Killed Maurice
 22332 | D:13     | Found Ahileis's Jewellery Shop.
 22809 | D:13     | Found a gate to the Vaults.
 23033 | D:13     | Reached skill level 5 in Invocations
 23304 | D:13     | Found a runed translucent door.
 23307 | D:13     | Noticed a frost giant
 23309 | D:13     | Found a runed translucent door.
 23332 | D:13     | Noticed a lich
 23332 | D:13     | Noticed Jiusaowa's ghost (novice FoCK)
 25920 | D:15     | Entered Level 15 of the Dungeon
 25989 | D:15     | Found a runed translucent gate.
 25989 | D:15     | Found a runed translucent gate.
 25993 | D:15     | Found a runed translucent gate.
 26167 | D:14     | Reached skill level 1 in Long Blades
 26234 | D:14     | Reached XP level 15. HP: 78/109 MP: 19/19
 26559 | D:15     | Noticed Epselah's ghost (adept MiBe)
 27033 | D:15     | Reached skill level 21 in Stealth
 27933 | D:15     | Found a staircase to the Depths.
 28046 | D:15     | Found a runed translucent gate.
 28046 | D:15     | Found a runed translucent gate.
 28046 | D:15     | Found a runed translucent gate.
 28572 | D:15     | Noticed a storm dragon
 28575 | D:15     | a storm dragon changed into a dire elephant
 28884 | D:15     | Found a staircase to the Depths.
 29154 | Orc:1    | Entered Level 1 of the Orcish Mines
 29196 | Orc:1    | Noticed an orc warlord
 29323 | D:12     | Killed an orc warlord
 29827 | Orc:1    | Noticed Blork the orc
 29882 | Orc:1    | Killed Blork the orc
 30003 | Orc:1    | Got a brightly glowing hat
 30014 | Orc:1    | Identified the +1 hat "Nuerr" {rC+ Int+4} (You found it on
                  | level 1 of the Orcish Mines)
 30133 | Orc:2    | Entered Level 2 of the Orcish Mines
 30267 | Orc:2    | Found a gate leading to a gauntlet.
 30490 | Orc:2    | Found a staircase to the Elven Halls.
 30678 | Orc:2    | Found Zuinguga's Distillery.
 30680 | Orc:2    | Found Anlomany's Distillery.
 31125 | Orc:2    | Bought a potion of heal wounds for 80 gold pieces
 32656 | Orc:2    | Found Jumeschibb's Gadget Emporium.
 32656 | Orc:2    | Found Hooresk's Antique Weapon Shoppe.
 32657 | Orc:2    | Found a one-way gate leading to the halls of Pandemonium.
 32917 | Spider:1 | Entered Level 1 of the Spider Nest
 32970 | Spider:1 | Reached skill level 5 in Long Blades
 33130 | Spider:1 | Noticed Frances
 33134 | Spider:1 | Killed from afar by Frances

Levels and vault maps discovered:
D:1:      wheals_arrival_shading, layout_loops_ring, serial_glass,
          glass_columns_c, glass_columns_c, glass_columns_b, glass_columns_a,
          glass_columns_a, glass_columns_a
D:2:      layout_basic, grunt_temple_overflow_forces_of_nature,
          chequers_temple_overflow_statue_of_worship, serial_bayou_ford_a,
          minmay_diced_spiral, uniq_crazy_yiuf_cottage, uniq_jessica
D:3:      layout_basic, uniq_robin, uniq_ijyb, uniq_sigmund
D:4:      layout_gridville, first_ration, grunt_ministairs_11, uniq_pikel
D:5:      layout_gridville, serial_shops, kennysheep_mini,
          minmay_misc_feat_secret_circle
D:6:      layout_rooms, xom_confusion_cloud, kiku_gazebo_pond_becter,
          ebering_ghost_disaster_area, minmay_starry_boxes
D:7:      wad_lake_hut, layout_loops_ring, minmay_temple_entry_mist,
          uniq_prince_ribbit1, uniq_harold
D:8:      layout_basic, gammafunk_temple_overflow_forgotten,
          gup_ossuary_entry_pyramid, uniq_gastronok
D:9:      minmay_tri_box, layout_cave_pods, basic_altar, uniq_grum, uniq_erolcha
D:10:     layout_roguey, lair_entry_dummy, serial_undead, serial_undead_f,
          serial_undead_c, serial_undead_c, serial_undead_e, serial_undead_d,
          uniq_snorg
D:11:     wander_river, layout_long_grid, hangedman_ranch
          [blue_anna_fruit_fields]
D:12:     layout_loops_cross, orc_0_dummy, serial_shops, shop, shop_statue,
          serial_glass, glass_columns_b, glass_columns_a, glass_columns_b,
          glass_columns_b, glass_columns_c, glass_columns_a, glass_columns_a,
          glass_columns_a, enter_bailey_3, uniq_sonja
D:13:     layout_gridville, david_vaults_1, muffindrake_ghost_dual_entry,
          serial_shops, nicolae_shop_statue_plus, uniq_maurice
D:14:     layout_loops_ring, kennysheep_cluttered_room, minmay_misc_feat_doors
D:15:     gammafunk_enter_depths_forms, layout_layer_cave, gammafunk_ghost_icy,
          serial_park_avenue1
Temple:   nicolae_temple_hex_pool
Lair:1:   layout_small_grid, nicolae_volcano_entry_batcave,
          nicolae_quartered_pool_super, grunt_forest_small_clearings
Lair:2:   layout_misc_corridors, gammafunk_ghost_berserking_beasts
Lair:3:   layout_misc_corridors, spider_nest_entry_funnel_web, lemuel_fruit_tree
Lair:4:   layout_roguey [special_room_mythical_zoo], minmay_shoals_entry_beasts
Lair:5:   layout_regular_city, minivault_23, tgw_fedhas, grunt_megastairs_2
Lair:6:   hangedman_lair_caniforms_friends, layout_gridlike,
          dpeg_slime_entry_enclosed_altar, grunt_megastairs_5
Spider:1: nicolae_spider_mines_3, minmay_another_anthill, uniq_josephine,
          uniq_frances, uniq_kirke
Orc:1:    layout_caves, hangedman_minor_magic
Orc:2:    pf_orc_diabolical, layout_diamond_mine, gauntlet_entry_generic

Skill      XL: |  1  2  3  4  5  6  7  8  9 10 11 12 13 14 15 |
---------------+----------------------------------------------+-----
Stealth        | 6 7 8 9 10 11 12 14 16 17 19 20 21 | 21.7
Fighting       | 2 3 4 6 7 9 10 11 12 13 | 13.4
Short Blades   | 3 4 5 7 8 10 | 10.0
Dodging        | 2 3 4 5 7 8 10 12 13 | 13.1
Shields        | 1 2 3 4 |  4.2
Charms         | 1 5 |  5.0
Armour         | 4 5 |  5.0
Invocations    | 3 6 7 |  7.6
Long Blades    | 1 5 |  5.0
Throwing       | |  1.5

Action                   |  1- 3 |  4- 6 |  7- 9 | 10-12 | 13-15 || total
-------------------------+-------+-------+-------+-------+-------++-------
Melee: Dagger            |   113 |   309 |   657 |  2030 |  6036 ||  9145
       Bite              |    12 |    31 |    82 |   270 |   832 ||  1227
Throw: Dart              |     4 |    28 |    24 |    51 |    98 ||   205
 Cast: Infusion          |       |       |       |     1 |     3 ||     4
Invok: Shadow Form       |       |       |       |       |     2 ||     2
 Abil: End Transformatio |       |       |       |       |     2 ||     2
       Bat Form          |       |       |       |       |     2 ||     2
       Exsanguinate      |       |       |       |       |     2 ||     2
       Revivify          |       |       |       |       |     1 ||     1
Evoke: Wand              |       |       |       |    14 |     4 ||    18
       Box of beasts     |       |       |       |     2 |     4 ||     6
       Lamp of fire      |       |       |       |     1 |     4 ||     5
  Use: Scroll            |       |     4 |     7 |    15 |    19 ||    45
       Potion            |       |       |       |     1 |     1 ||     2
 Stab: Sleeping          |     9 |     4 |    18 |    53 |    65 ||   149
       Distracted        |       |     1 |     1 |     2 |    24 ||    28
       Confused          |       |       |     1 |       |       ||     1
       Paralysed         |       |       |       |     1 |       ||     1
Armor: Ring mail         |    44 |    99 |       |       |   718 ||   861
       Leather armour    |     2 |    30 |    99 |    77 |       ||   208
       Troll leather arm |       |       |       |    56 |    15 ||    71
       Scale mail        |       |       |       |    15 |       ||    15
Dodge: Dodged            |    72 |   172 |   308 |  1186 |  4113 ||  5851
Block: Buckler           |       |    11 |   100 |   282 |  1043 ||  1436

Table legend:
 A = Non-vault XP
 B = Vault XP
 C = Vault XP percentage of total XP
 D = Non-vault monster count
 E = Vault monster count
 F = Vault count percentage of total count
                 A         B        C        D         E       F
            +---------+---------+-------+---------+---------+-------
      Total |   84552 |   63813 |  43.0 |     564 |     313 |  35.7
            +---------+---------+-------+---------+---------+-------
        D:1 |      67 |       0 |   0.0 |      35 |       0 |   0.0
        D:2 |     201 |      61 |  23.3 |      21 |       8 |  27.6
        D:3 |     163 |     908 |  84.8 |      27 |      13 |  32.5
        D:4 |     456 |     121 |  21.0 |      26 |       1 |   3.7
        D:5 |      71 |     104 |  59.4 |       3 |       1 |  25.0
        D:6 |     414 |     286 |  40.9 |      11 |       7 |  38.9
        D:7 |    2847 |    1275 |  30.9 |      31 |       2 |   6.1
        D:8 |    2058 |    2157 |  51.2 |      27 |       2 |   6.9
        D:9 |    2029 |    4214 |  67.5 |      23 |      13 |  36.1
       D:10 |    2041 |    1320 |  39.3 |      17 |      12 |  41.4
       D:11 |    2241 |    2147 |  48.9 |      22 |       8 |  26.7
       D:12 |    4915 |     195 |   3.8 |      38 |       6 |  13.6
       D:13 |    7145 |    1881 |  20.8 |      41 |       4 |   8.9
       D:14 |   15172 |       0 |   0.0 |      45 |       0 |   0.0
       D:15 |   11771 |    4557 |  27.9 |      34 |      14 |  29.2
     Lair:1 |    1134 |     594 |  34.4 |       3 |       3 |  50.0
     Lair:2 |    3100 |       0 |   0.0 |      17 |       0 |   0.0
     Lair:3 |    2570 |     799 |  23.7 |      14 |       2 |  12.5
     Lair:4 |    5987 |    8342 |  58.2 |      21 |      27 |  56.2
     Lair:5 |    3874 |    1610 |  29.4 |      23 |       5 |  17.9
     Lair:6 |    8115 |   11773 |  59.2 |      38 |      60 |  61.2
   Spider:1 |    2235 |       0 |   0.0 |       7 |       0 |   0.0
      Orc:1 |    2512 |    1402 |  35.8 |      23 |      13 |  36.1
      Orc:2 |    3434 |   17600 |  83.7 |      17 |      64 |  79.0
    Ossuary |       0 |     919 | 100.0 |       0 |      22 | 100.0
     Bailey |       0 |    1548 | 100.0 |       0 |      26 | 100.0
            +---------+---------+-------+---------+---------+-------
